 Dungeon Crawl Stone Soup version 0.31-a0-1-g4198be8af4 (webtiles) character file.

Game seed: 2865851263996567016

2688 erloom the Cleaver (level 9, -5/84 HPs)
             Began as a Minotaur Fighter on May 1, 2023.
             Was an Initiate of Qazlal.
             Shot with an arrow by a centaur (10 damage)
             ... on level 7 of the Dungeon.
             The game lasted 00:14:12 (7240 turns).

erloom the Cleaver (Minotaur Fighter)               Turns: 7240, Time: 00:14:13

Health: -5/84      AC: 13    Str: 23    XL:     9   Next: 38%
Magic:  8/8        EV:  6    Int:  7    God:    Qazlal [......]
Gold:   369        SH:  4    Dex: 10    Spells: 8/8 levels left

rFire   . . .        a - +0 war axe
rCold   . . .        c - +0 buckler
rNeg    . . .        G - +0 plate armour
rPois   .            (helmet restricted)
rElec   .            j - scarf {repulsion}
rCorr   .            g - +0 pair of gloves
SInv    .            (no boots)
Will    .....        (no amulet) Stlth
                     v - ring of flight
HPRegen 0.34/turn    (no ring)
MPRegen 0.11/turn

%: repel missiles
@: flying
A: horns 2, retaliatory headbutt
a: Renounce Religion


You were on level 7 of the Dungeon.
You worshipped Qazlal.
Qazlal was noncommittal.
You visited 2 branches of the dungeon, and saw 8 of its levels.

You collected 369 gold pieces.

Inventory:

Hand Weapons
 a - a +0 war axe (weapon)
Armour
 b - a +0 scale mail
 c - a +0 buckler (worn)
 g - a +0 pair of gloves (worn)
 j - a scarf of repulsion (worn)
 B - a +0 chain mail
 G - a +0 plate armour (worn)
Jewellery
 v - a ring of flight (left hand)
 x - an amulet of the acrobat
 D - an amulet of faith
Wands
 E - a wand of charming (3)
 H - a wand of roots (5)
Scrolls
 i - a scroll of teleportation
 k - a scroll of enchant weapon {unknown}
 m - a scroll of silence
 n - 3 scrolls of identify
 p - 2 scrolls of amnesia
 q - 2 scrolls of blinking
 r - a scroll of butterflies {unknown}
 w - a scroll of enchant armour {unknown}
 y - a scroll of magic mapping {unknown}
 A - 2 scrolls of immolation {unknown}
 C - 2 scrolls of fog {unknown}
 F - a scroll of torment {unknown}
Potions
 d - 2 potions of might
 e - a potion of resistance
 f - 2 potions of invisibility
 h - 4 potions of attraction {unknown}
 l - a potion of curing
 o - 3 potions of heal wounds {unknown}
 s - 4 potions of flight {unknown}
 t - 2 potions of brilliance {unknown}
 u - a potion of haste {unknown}
 z - a potion of magic {unknown}


   Skills:
 + Level 9.4 Fighting
 + Level 12.3 Axes
 + Level 5.1 Armour
 - Level 3.6 Shields


You had 8 spell levels left.
You didn't know any spells.
Your spell library contained the following spells:

 Spells                   Type           Power      Damage    Failure   Level
 Beastly Appendage        Tmut           0%         N/A       100%        1
 Wereblood                Tmut           0%         N/A       100%        2
 Spider Form              Tmut/Pois      0%         N/A       100%        3
 Leda's Liquefaction      Hex/Erth       0%         N/A       100%        4
 Lee's Rapid Deconstruct  Erth           0%         3d4*      100%        5
 Statue Form              Tmut/Erth      0%         N/A       100%        6


Dungeon Overview and Level Annotations

Branches:
Dungeon (7/15)             Temple (1/1) D:6

Altars:
Cheibriados
Dithmenos
Fedhas
Gozag
Hepliaklqana
Kikubaaqudgha
Qazlal
Sif Muna
Trog
Uskayaw
Wu Jian
Xom
The Shining One

Annotations:
D:6 2 runed translucent doors


Innate Abilities, Weirdness & Mutations

You have a pair of horns on your head.
You reflexively headbutt those who attack you in melee.


Message History

(D) Dungeon (T) Temple
Where to? (Enter - D:6 @ (x,y), ? - help)
There is a stone staircase leading up here.
There is a stone staircase leading down here.
You fly downwards.
There is a stone staircase leading up here.
The centaur shouts!
The centaur shoots an arrow.
The arrow barely misses you.
The centaur shoots an arrow.
The arrow barely misses you.
You hear a shout!
The centaur shouts!
The centaur shoots an arrow.
The arrow hits you but does no damage.
The centaur shoots an arrow.
You block the arrow.
The centaur shoots an arrow.
You block the arrow.
The centaur shoots an arrow.
The arrow hits you.
The centaur shoots an arrow.
The arrow hits you!
The centaur shoots an arrow.
The arrow hits you but does no damage.
The centaur shoots an arrow.
The arrow hits you.
The centaur shoots an arrow.
The arrow hits you.
The centaur shoots an arrow.
The arrow closely misses you.
The centaur shoots an arrow.
The arrow barely misses you.
You hear a shout!
The centaur shouts!
The centaur shoots an arrow.
The arrow hits you!
The centaur shoots an arrow.
The arrow hits you!
The centaur shoots an arrow.
The arrow hits you!
The centaur shoots an arrow.
The arrow hits you.
The centaur shoots an arrow.
The arrow hits you.
The centaur shoots an arrow.
The arrow hits you!
* * * LOW HITPOINT WARNING * * *
The centaur shoots an arrow.
The arrow completely misses you.
The centaur shoots an arrow.
The arrow hits you but does no damage.
The centaur shoots an arrow.
The arrow barely misses you.
The centaur shoots an arrow.
The arrow hits you!
* * * LOW HITPOINT WARNING * * *
The centaur shoots an arrow.
The arrow hits you.
* * * LOW HITPOINT WARNING * * *
The centaur shoots an arrow.
The arrow hits you but does no damage.
The centaur shoots an arrow.
The arrow barely misses you.
The centaur shoots an arrow.
The arrow barely misses you.
The centaur shoots an arrow.
The arrow hits you!
You die...

≈≈≈≈...........##...#.....#)#
≈≈≈≈≈≈≈...>.........###..####
≈≈≈≈≈≈≈≈≈...........#####
≈≈≈≈≈≈≈≈≈≈......###
c.≈≈≈≈≈≈≈≈....##
.c..≈≈≈≈≈≈.#.##
....≈≈≈≈≈....##
...≈≈≈≈≈.....# ..c≈≈≈≈..@.##
cc≈≈≈...### cc≈≈≈....#
.≈≈≈≈...## ≈≈≈≈....#
≈≈≈.....# ≈≈.....## ..##.##
.. ##


You could see 3 centaurs.

Vanquished Creatures
  Sigmund (D:6)
  A wraith (D:6)
  A steam dragon (D:7)
  Eustachio (D:5)
  An orc warrior (D:6)
  3 sky beasts (D:7)
  2 black bears
  2 ice beasts
  2 ogres (D:5)
  A phantom (D:7)
  A centaur (D:5)
  3 scorpions
  A jelly (D:5)
  6 hounds
  5 orc priests
  2 sleepcaps
  3 iguanas
  5 orc wizards
  10 gnolls
  3 adders
  4 white imps
  2 ufetubi
  4 worms
  2 dart slugs
  15 orcs
  3 ball pythons (D:2)
  6 endoplasms
  A giant cockroach (D:2)
  4 hobgoblins
  4 jackals
  4 kobolds
  4 quokkas
  6 bats
  2 frilled lizards
  7 goblins
  6 rats
128 creatures vanquished.

Notes
Turn   | Place    | Note
-------+----------+-------------------------------------------
     0 | D:1      | erloom the Minotaur Fighter began the quest for the Orb.
     0 | D:1      | Reached XP level 1. HP: 19/19 MP: 0/0
   124 | D:1      | Reached skill level 3 in Axes
   252 | D:1      | Reached XP level 2. HP: 26/26 MP: 1/1
   666 | D:2      | Reached skill level 4 in Axes
   924 | D:2      | Reached XP level 3. HP: 31/31 MP: 2/2
  1151 | D:2      | Reached skill level 5 in Axes
  1340 | D:2      | Reached XP level 4. HP: 39/39 MP: 3/3
  1577 | D:3      | Reached skill level 6 in Axes
  2050 | D:4      | Noticed a scorpion
  2063 | D:4      | Killed a scorpion
  2064 | D:4      | Reached XP level 5. HP: 45/45 MP: 4/4
  2169 | D:4      | Reached skill level 7 in Axes
  2448 | D:4      | Reached XP level 6. HP: 51/51 MP: 5/5
  2500 | D:4      | Reached skill level 8 in Axes
  3160 | D:4      | Found a glowing golden altar of the Shining One.
  3281 | D:5      | Entered Level 5 of the Dungeon
  3342 | D:5      | Noticed an ice beast
  3359 | D:5      | Killed an ice beast
  3360 | D:5      | Reached skill level 9 in Axes
  3489 | D:5      | Reached XP level 7. HP: 44/59 MP: 6/6
  3763 | D:5      | Reached skill level 5 in Fighting
  3797 | D:5      | Noticed Eustachio
  3965 | D:5      | Reached skill level 10 in Axes
  4067 | D:5      | Killed Eustachio
  4068 | D:5      | Reached XP level 8. HP: 60/70 MP: 7/7
  4610 | D:5      | Found a shadowy altar of Dithmenos.
  4612 | D:5      | Found a stormy altar of Qazlal.
  4684 | D:5      | Found a bloodstained altar of Trog.
  4684 | D:5      | Found an ornate altar of the Wu Jian Council.
  4686 | D:5      | Found an opulent altar of Gozag.
  5108 | D:6      | Found a staircase to the Ecumenical Temple.
  5271 | D:6      | Reached skill level 11 in Axes
  5450 | D:6      | Noticed Sigmund
  5650 | D:6      | Killed Sigmund
  5700 | D:6      | Found a large runed translucent door.
  5702 | D:6      | Found a large runed translucent door.
  6082 | D:7      | Reached XP level 9. HP: 81/82 MP: 8/8
  6128 | D:7      | Reached skill level 12 in Axes
  6907 | D:7      | Reached skill level 5 in Armour
  7018 | Temple   | Entered the Ecumenical Temple
  7193 | D:5      | Became a worshipper of Qazlal Stormbringer
  7240 | D:7      | Shot with an arrow by a centaur

Illustrated notes

Levels and vault maps discovered:
D:1:      reono_arrival_forest_river, layout_loops_ring, minmay_hedge_maze
D:2:      layout_loops_cross, minmay_tetromino_t4
D:3:      layout_rooms, grunt_ministairs_15, mrwooster_statue_mirror,
          minmay_misc_feat_ornament
D:4:      layout_gridville, tso_oasis_becter, serial_co_window_serial,
          co_window_paths_a, co_window_cross_1, co_window_paths_a,
          co_window_paths_a, co_window_paths_a, co_window_paths_b,
          co_window_unsneaky_path_e, co_window_corner_b,
          co_window_unsneaky_path_d, co_window_broadway_c, co_window_paths_c,
          co_window_broadway_b, co_window_4corner_b, glass_columns_b
D:5:      layout_basic, nicolae_overflow_hidden_temple, uniq_eustachio
D:6:      layout_loops_ring, jmf_multi_god_temple2,
          minmay_temple_entry_from_below_a, uniq_sigmund
D:7:      layout_cave_pools, wad_floor_pattern_untrapped, centaur_isle
Temple:   nicolae_temple_little_seven

Skill      XL: |  1  2  3  4  5  6  7  8  9 |
---------------+----------------------------+-----
Axes           | 3 4 5 6 7 9 10 11 12 | 12.3
Fighting       | 4 6 8 9 |  9.4
Armour         | 5 |  5.1
Shields        | |  3.6

Action                     |  1- 3 |  4- 6 |  7- 9 || total
---------------------------+-------+-------+-------++-------
  Melee: War axe           |    91 |   106 |   217 ||   414
         Headbutt          |     8 |    19 |    48 ||    75
    Use: Scroll            |       |       |     7 ||     7
 Armour: Scale mail        |    33 |    41 |    53 ||   127
         Chain mail        |       |       |    39 ||    39
         Plate armour      |       |       |    29 ||    29
  Dodge: Dodged            |    45 |    54 |   108 ||   207
         Repelled          |       |       |     4 ||     4
  Block: Buckler           |    21 |    30 |    38 ||    89

Table legend: (Time is in decaauts)
 A = Elapsed time spent in this place.
 B = Non-inter-level travel time spent in this place.
 C = Inter-level travel time spent in this place.
 D = Time resting spent in this place.
 E = Time spent auto-exploring this place.
 F = Levels seen in this place.
 G = Mean time per level.
                   A        B        C        D        E       F      G
               +--------+--------+--------+--------+--------+-----+--------+
         Total |   7304 |   6932 |    372 |   1600 |   3560 |   8 |  913.0 |
       Dungeon |   7280 |   6908 |    372 |   1600 |   3560 |   7 | 1040.0 |
        Temple |     23 |     23 |      0 |      0 |      0 |   1 |   23.0 |
               +--------+--------+--------+--------+--------+-----+--------+

Top non-repeatable levels by time:
     D:5: 1687 daAuts
     D:4: 1405 daAuts
     D:6: 1222 daAuts
     D:7: 922 daAuts
     D:2: 765 daAuts
     D:1: 678 daAuts
     D:3: 598 daAuts
  Temple: 23 daAuts
